 Dungeon Crawl Stone Soup version 0.26-a0-1132-ge9770dfcb6 (webtiles) character file.

Game seed: 12740668372999509943

1733 Dracia the Grappler (level 8, 0/74 HPs)
             Began as a Troll Monk on Dec 20, 2020.
             Slain by a gnoll
             ... wielding a +0 whip
              (10 damage)
             ... on level 6 of the Dungeon.
             The game lasted 00:05:51 (3612 turns).

Dracia the Grappler (Troll Monk)                    Turns: 3612, Time: 00:05:52

Health: 0/74       AC:  7    Str: 20    XL:     8   Next: 76%
Magic:  7/7        EV: 11    Int:  6    God:
Gold:   228        SH:  9    Dex: 14    Spells: 7/7 levels left

rFire    + . .     SeeInvis .     - Unarmed
rCold    . . .     Faith    .   c - +0 kite shield
rNeg     + . .     Spirit   .   a - +0 robe
rPois    .         Reflect  .   (helmet restricted)
rElec    .         Harm     .   p - +0 cloak
rCorr    .         Rampage  .   (gloves unavailable)
Will     .....                  (boots unavailable)
Stlth    ++........             (no amulet)
HPRegen  0.62/turn              F - ring of protection from fire
MPRegen  0.10/turn              N - ring of positive energy

@: brilliant, lethally poisoned (0 -> 0)
A: large, unfitting armour, claws 3, regeneration 1, shaggy fur 1, tough skin 3
a: no special abilities


You were on level 6 of the Dungeon.
You visited 1 branch of the dungeon, and saw 6 of its levels.

You collected 327 gold pieces.
You spent 99 gold pieces at shops.


Innate Abilities, Weirdness & Mutations

You are too large for most types of armour.
You have claws for hands.
Your natural rate of healing is unusually fast.
You are covered in fur. (AC +1)
You have extremely tough skin. (AC +3)


   Skills:
 - Level 2.4 Fighting
 + Level 5.2 Dodging
 - Level 1.0 Stealth
 + Level 4.5 Shields
 * Level 8.6 Unarmed Combat


You had 7 spell levels left.
You didn't know any spells.
Your spell library contained the following spells:

 Spells                   Type           Power        Failure   Level
 Corona                   Hex            0%           78%         1
 Ensorcelled Hibernation  Hex/Ice        0%           89%         2
 Confusing Touch          Hex            0%           98%         3
 Dazzling Flash           Conj/Hex       0%           98%         3
 Tukima's Dance           Hex            0%           98%         3

Inventory:

Missiles
 j - 11 poisoned darts (quivered)
 t - a throwing net {=f=f}
Armour
 a - a +0 robe (worn)
 c - a +0 kite shield (worn)
 p - a +0 cloak (worn)
Jewellery
 f - an uncursed ring of fire {unknown}
 F - a ring of protection from fire (left claw)
 N - a ring of positive energy (right claw)
Scrolls
 b - 3 scrolls of remove curse {@r2@r2}
 e - 3 scrolls of magic mapping {unknown}
 h - 10 scrolls of identify {@r1@r1}
 i - 4 scrolls of teleportation {@r4@r4}
 k - 4 scrolls of immolation
 l - 4 scrolls of amnesia {unknown}
 o - a scroll of enchant weapon
 r - a scroll of blinking {unknown}
 v - a scroll of fog {unknown}
Potions
 d - 3 potions of curing {@q1@q1}
 g - a potion of attraction
 m - a potion of haste {@q3@q3}
 n - a potion of resistance
 q - a potion of might {unknown}
 s - a potion of flight {unknown}

Dungeon Overview and Level Annotations

Branches:
Dungeon (6/15)
 Temple: D:4-7

Altars:
Dithmenos
Elyvilon
Hepliaklqana
Kikubaaqudgha
Nemelex Xobeh
Okawaru
Trog
Uskayaw
The Shining One

Shops:
D:4 [ D:6

* #..............# #.# #.
.....#.#######.# #.#.# #.
.....#.## #.# #.#.# #.
........######.## #.#.# #.
#.###..>........# #.#.# #. #.
#...######..# #.#.# #. #
#...######.(# #.#.# #.
.............######.#.#######.
###..........(@)o.....o..o..gg.
.........#.g######..######>##
#....####.#.g{...{...# #)...#
#.... #.#.o........###.##.## #
##.######........... ###.##.###
##.###^####. ..........#####.#
# #. .......###......# #.
....... #.###### #.


You could see an orc priest, 2 gnolls and an orc.


Message History

The gnoll closely misses you. The gnoll hits you but does no damage.
You claw the orc warrior!
The orc warrior is almost dead.
The orc warrior barely misses you.
The gnoll hits you from afar with a +0 spear.
You scratch the orc warrior but do no damage.
The orc warrior is almost dead.
The gnoll hits you with a +0 whip!
* * * LOW HITPOINT WARNING * * *
You block the orc warrior's attack. The gnoll hits you but does no damage.
The orc priest calls upon Beogh to heal the orc warrior.
The orc warrior is healed somewhat.
You barely miss the orc warrior.
The orc warrior is severely wounded.
You feel sick. The gnoll closely misses you. x2
The orc warrior hits you with a +0 long sword!
* * * LOW HITPOINT WARNING * * *
You claw the orc warrior!
You kill the orc warrior!
The gnoll hits you with a +0 whip.
* * * LOW HITPOINT WARNING * * *
The gnoll hits you from afar with a +0 spear.
* * * LOW HITPOINT WARNING * * *
The orc priest invokes the aid of Beogh against you.
Pain shoots through your body!
* * * LOW HITPOINT WARNING * * *
It was a potion of brilliance.
You feel clever all of a sudden. The gnoll hits you with a +0 whip!
You die...

Skill      XL: |  1  2  3  4  5  6  7  8 |
---------------+-------------------------+-----
Shields        | 1 2 3 4 |  4.5
Unarmed Combat | 4 5 6 7 8 |  8.6
Dodging        | 3 4 5 |  5.2
Fighting       | |  2.4
Stealth        | |  1.0

Action                   |  1- 3 |  4- 6 |  7- 9 || total
-------------------------+-------+-------+-------++-------
Melee: Unarmed           |   114 |   113 |   139 ||   366
  Use: Scroll            |       |    10 |       ||    10
       Potion            |       |       |     1 ||     1
 Stab: Sleeping          |     1 |     1 |     3 ||     5
Armor: Robe              |    36 |    33 |    45 ||   114
Dodge: Dodged            |    31 |    30 |    63 ||   124
Block: Kite shield       |    36 |    35 |    56 ||   127

Levels and vault maps discovered:
D:1:      lemuel_arrival_rhombus, layout_rooms
D:2:      layout_loops_ring, nicolae_overflow_crystal_walls,
          chequers_temple_overflow_statue_of_worship,
          nicolae_dithmenos_shadow_blocks
D:3:      layout_basic
D:4:      layout_basic, grunt_temple_overflow_diamond, dancing_weapons_uskayaw,
          serial_shops, nicolae_shop_behind_doors, uniq_sigmund
D:5:      layout_cave_pools, nicolae_overflow_hidden_temple, serial_rivers,
          chequers_serial_rivers_small_b, chequers_serial_rivers_room_b,
          chequers_serial_rivers_micro_b, chequers_serial_rivers_small_b,
          chequers_serial_rivers_marsh, basic_altar, chequers_mini_garden,
          minivault_25, kennysheep_crisscross, hangedman_decor_push,
          uniq_duvessa, uniq_eustachio, uniq_edmund
D:6:      layout_loops_ring, serial_shops, shop, grunt_gozag_breadcrumbs

Notes
Turn   | Place    | Note
-------+----------+-------------------------------------------
     0 | D:1      | Dracia the Troll Monk began the quest for the Orb.
     0 | D:1      | Reached XP level 1. HP: 22/22 MP: 0/0
   151 | D:1      | Reached XP level 2. HP: 28/29 MP: 1/1
   524 | D:2      | Found a glowing golden altar of the Shining One.
   524 | D:2      | Found a hazy altar of Hepliaklqana.
   643 | D:2      | Found a shadowy altar of Dithmenos.
   663 | D:2      | Reached XP level 3. HP: 36/36 MP: 2/2
   679 | D:2      | Reached skill level 1 in Shields
   836 | D:2      | Reached skill level 4 in Unarmed Combat
   884 | D:2      | Found a white marble altar of Elyvilon.
  1055 | D:2      | Reached XP level 4. HP: 44/44 MP: 3/3
  1134 | D:2      | Identified a potion of resistance
  1634 | D:4      | Noticed a +0 dagger
  1634 | D:4      | Noticed a +0 dagger
  1635 | D:4      | Found a hide-covered altar of Uskayaw.
  1657 | D:4      | Noticed an ogre
  1668 | D:4      | Noticed an ogre
  1669 | D:4      | Killed an ogre
  1670 | D:4      | Reached skill level 3 in Dodging
  1670 | D:4      | Reached XP level 5. HP: 50/50 MP: 4/4
  1679 | D:4      | Killed an ogre
  1680 | D:4      | Reached skill level 2 in Shields
  1680 | D:4      | Reached skill level 5 in Unarmed Combat
  1758 | D:4      | Noticed Sigmund
  1771 | D:4      | Killed Sigmund
  1772 | D:4      | Reached XP level 6. HP: 58/59 MP: 5/5
  1825 | D:4      | Found Vizodedgh's Antique Armour Boutique.
  1828 | D:4      | Bought a cloak for 99 gold pieces
  1977 | D:4      | Found a bloodstained altar of Trog.
  1980 | D:4      | Found a sparkling altar of Nemelex Xobeh.
  1983 | D:4      | Found an ancient bone altar of Kikubaaqudgha.
  2267 | D:5      | Entered Level 5 of the Dungeon
  2335 | D:5      | Reached skill level 6 in Unarmed Combat
  2371 | D:5      | Found a glowing golden altar of the Shining One.
  2408 | D:5      | Noticed a water moccasin
  2421 | D:5      | Killed a water moccasin
  2422 | D:5      | Reached XP level 7. HP: 31/66 MP: 6/6
  2654 | D:5      | Reached skill level 4 in Dodging
  2654 | D:5      | Reached skill level 3 in Shields
  2738 | D:5      | Found an iron altar of Okawaru.
  2798 | D:5      | Noticed Duvessa
  2798 | D:5      | Noticed Dowan
  2798 | D:5      | Noticed Eustachio
  2804 | D:5      | Noticed Edmund
  2811 | D:5      | Killed Duvessa
  2872 | D:4      | Killed Eustachio
  2873 | D:4      | Reached skill level 7 in Unarmed Combat
  2894 | D:4      | Killed Edmund
  2895 | D:4      | Reached XP level 8. HP: 49/71 MP: 7/7
  2951 | D:5      | Killed Dowan
  3320 | D:6      | Reached skill level 4 in Shields
  3392 | D:6      | Reached skill level 8 in Unarmed Combat
  3432 | D:6      | Reached skill level 5 in Dodging
  3532 | D:6      | Found Xeet's Assorted Antiques.
  3612 | D:6      | Slain by a gnoll

Vanquished Creatures
  Sigmund (D:4)
  Eustachio (D:4)
  Edmund (D:4)
  A water moccasin (D:5)
  Duvessa (D:5)
  An orc warrior (D:6)
  A phantom (D:6)
  3 ogres
  2 centaurs (D:6)
  Dowan (D:5)
  A howler monkey (D:5)
  A gnoll shaman (D:5)
  2 orc priests (D:6)
  A hound (D:6)
  2 worker ants
  A hound zombie (D:6)
  A hound skeleton (D:5)
  9 gnolls
  3 adders
  A shadow imp (D:6)
  2 white imps
  An adder skeleton (D:6)
  2 worms
  A dart slug (D:1)
  6 leopard geckos
  2 orcs
  8 giant cockroaches
  3 goblins
  6 hobgoblins
  20 jackals
  3 ball pythons
  4 bats
  8 frilled lizards
  11 kobolds
  A quokka skeleton (D:2)
  7 rats
120 creatures vanquished.

Table legend: (Time is in decaauts)
 A = Elapsed time spent in this place.
 B = Non-inter-level travel time spent in this place.
 C = Inter-level travel time spent in this place.
 D = Time resting spent in this place.
 E = Time spent auto-exploring this place.
 F = Levels seen in this place.
 G = Mean time per level.
                   A        B        C        D        E       F      G
               +--------+--------+--------+--------+--------+-----+--------+
         Total |   3606 |   3480 |    126 |    279 |   2376 |   6 |  601.0 |
       Dungeon |   3606 |   3480 |    126 |    279 |   2376 |   6 |  601.0 |
               +--------+--------+--------+--------+--------+-----+--------+

Top non-repeatable levels by time:
     D:5: 829 daAuts
     D:4: 728 daAuts
     D:2: 667 daAuts
     D:1: 489 daAuts
     D:3: 476 daAuts
     D:6: 414 daAuts

Table legend:
 A = Non-vault XP
 B = Vault XP
 C = Vault XP percentage of total XP
 D = Non-vault monster count
 E = Vault monster count
 F = Vault count percentage of total count
                 A         B        C        D         E       F
            +---------+---------+-------+---------+---------+-------
      Total |    1669 |     808 |  32.6 |     115 |       5 |   4.2
            +---------+---------+-------+---------+---------+-------
        D:1 |      30 |       0 |   0.0 |      20 |       0 |   0.0
        D:2 |      70 |       0 |   0.0 |      25 |       0 |   0.0
        D:3 |      31 |       0 |   0.0 |      17 |       0 |   0.0
        D:4 |     265 |     581 |  68.7 |      14 |       3 |  17.6
        D:5 |     372 |     227 |  37.9 |      18 |       2 |  10.0
        D:6 |     901 |       0 |   0.0 |      21 |       0 |   0.0
            +---------+---------+-------+---------+---------+-------
